MLB
MONTREAL EXPOS @ COLORADO ROCKIES
05/09/2039
 
TOP OF THE 1ST
Montreal Expos batting - Pitching for Colorado Rockies : RHP Eric Brady
Pitching: RHP Eric Brady
Batting: RHB Jonathan de Liz 0-0: Swinging Strike
0-1: Ball
1-1: Fly out, F3 (Popup, 34, EV 59.4 MPH)
Batting: LHB Chris Lyle 0-0: Called Strike
0-1: Called Strike
0-2: Strikes out swinging
Batting: LHB Tony Guerra 0-0: Ball
1-0: Ball
2-0: Ball
3-0: Base on Balls
Batting: SHB Keibert Ruiz 0-0: Called Strike
0-1: Ball
1-1: Ball
2-1: Ball
3-1: Fly out, F5 (Popup, 5SF, EV 81.3 MPH)
Top of the 1st over - 0 runs, 0 hits, 0 errors, 1 left on base; Montreal 0 - Colorado 0
BOTTOM OF THE 1ST
Colorado Rockies batting - Pitching for Montreal Expos : LHP Omari Blunt
Pitching: LHP Omari Blunt
Batting: RHB Jorge Ruiz 0-0: Ball
1-0: Ball
2-0: Ball
3-0: Base on Balls
Batting: RHB Edgar Mendoza 0-0: Called Strike
0-1: Ball
1-1: Ball
2-1: Ball
3-1: Base on Balls
Jorge Ruiz to second
Batting: RHB Royce Lewis 0-0: Ball
1-0: Ball
2-0: Ball
3-0: Base on Balls
Jorge Ruiz to third
Edgar Mendoza to second
Batting: LHB Steve Richardson 0-0: Called Strike
0-1: Ball
1-1: Swinging Strike
1-2: Strikes out swinging
Batting: RHB Sean Lesley 0-0: Foul Ball, location: 25F
0-1: Grounds into double play, 6-4-3 (Groundball, 6, EV 103.8 MPH)
Bottom of the 1st over - 0 runs, 0 hits, 0 errors, 2 left on base; Montreal 0 - Colorado 0
TOP OF THE 2ND
Montreal Expos batting - Pitching for Colorado Rockies : RHP Eric Brady
Batting: RHB Ivan Botero 0-0: Ball
1-0: Called Strike
1-1: Swinging Strike
1-2: Foul Ball, location: 9LDF
1-2: Ball
2-2: Strikes out swinging
Batting: RHB Luis Ledesma 0-0: Foul Ball, location: 9LSF
0-1: Called Strike
0-2: Foul Ball, location: 2RF
0-2: Foul Ball, location: 2F
0-2: Strikes out swinging
Batting: RHB Ben Pratt 0-0: Swinging Strike
0-1: Swinging Strike
0-2: Strikes out swinging, 2-3 out at first.
Top of the 2nd over - 0 runs, 0 hits, 0 errors, 0 left on base; Montreal 0 - Colorado 0
BOTTOM OF THE 2ND
Colorado Rockies batting - Pitching for Montreal Expos : LHP Omari Blunt
Batting: LHB Danny Rojas 0-0: Called Strike
0-1: DOUBLE (Line Drive, 78D, EV 103.1 MPH)
Batting: RHB Jim Rudden 0-0: Ball
1-0: Foul Ball, location: 2F
1-1: Foul Ball, location: 2F
1-2: Foul Ball, location: 9LMF
1-2: Ball
2-2: Ball
3-2: Base on Balls
Batting: RHB Steve Stevens 0-0: Ball
1-0: Called Strike
1-1: Fly out, F6 (Popup, 6, EV 66.9 MPH)
Batting: LHB Izaac Pacheco 0-0: Called Strike
0-1: Ball
1-1: Ball
2-1: Swinging Strike
2-2: Ball
3-2: Foul Ball, location: 7LSF
3-2: Base on Balls
Danny Rojas to third
Jim Rudden to second
Batting: RHB Jorge Ruiz 0-0: Swinging Strike
0-1: Ball
1-1: Ball
2-1: Ball
3-1: Foul Ball, location: 5DF
3-2: Base on Balls
Danny Rojas scores
Jim Rudden to third
Izaac Pacheco to second
Batting: RHB Edgar Mendoza 0-0: Foul Ball, location: 2F
0-1: Swinging Strike
0-2: Ball
1-2: Foul Ball, location: 25FF
1-2: Ball
2-2: Ball
3-2: Strikes out looking
Batting: RHB Royce Lewis 0-0: Swinging Strike
0-1: Ball
1-1: Called Strike
1-2: Foul Ball, location: 2F
1-2: Foul Ball, location: 3SF
1-2: Strikes out swinging
Bottom of the 2nd over - 1 run, 1 hit, 0 errors, 3 left on base; Montreal 0 - Colorado 1
TOP OF THE 3RD
Montreal Expos batting - Pitching for Colorado Rockies : RHP Eric Brady
Batting: RHB David Arzate 0-0: Ball
1-0: Called Strike
1-1: Ball
2-1: Swinging Strike
2-2: Foul Ball, location: 2F
2-2: Strikes out swinging
Batting: RHB Brad Hoye 0-0: Ball
1-0: Ball
2-0: Swinging Strike
2-1: Swinging Strike
2-2: Strikes out looking
Batting: RHB Jonathan de Liz 0-0: Ball
1-0: Ball
2-0: Called Strike
2-1: Swinging Strike
2-2: Strikes out looking
Top of the 3rd over - 0 runs, 0 hits, 0 errors, 0 left on base; Montreal 0 - Colorado 1
BOTTOM OF THE 3RD
Colorado Rockies batting - Pitching for Montreal Expos : LHP Omari Blunt
Batting: LHB Steve Richardson 0-0: Called Strike
0-1: Ball
1-1: Ball
2-1: Fly out, F9 (Flyball, 9LM, EV 103.1 MPH)
Batting: RHB Sean Lesley 0-0: Ball
1-0: Ball
2-0: Ball
3-0: Called Strike
3-1: SINGLE (Line Drive, 89S, EV 88.1 MPH)
Batting: LHB Danny Rojas 0-0: Ball
1-0: Ball
2-0: Foul Ball, location: 23F
2-1: Foul Ball, location: 7LSF
2-2: Grounds into double play, 4-6-3 (Groundball, 4, EV 86.3 MPH)
Bottom of the 3rd over - 0 runs, 1 hit, 0 errors, 0 left on base; Montreal 0 - Colorado 1
TOP OF THE 4TH
Montreal Expos batting - Pitching for Colorado Rockies : RHP Eric Brady
Batting: LHB Chris Lyle 0-0: Ball
1-0: SOLO HOME RUN (Flyball, 7D, EV 96.9 MPH), Distance : 384 ft
Batting: LHB Tony Guerra 0-0: Swinging Strike
0-1: Ball
1-1: Fly out, F7 (Flyball, 78S, EV 79.4 MPH)
Batting: SHB Keibert Ruiz 0-0: Called Strike
0-1: Ball
1-1: Foul Ball, location: 7LMF
1-2: SINGLE (Line Drive, 34D, EV 93.8 MPH)
Batting: RHB Ivan Botero 0-0: Ball
1-0: Called Strike
1-1: Grounds into double play, 5-4-3 (Groundball, 56, EV 88.1 MPH)
Top of the 4th over - 1 run, 2 hits, 0 errors, 0 left on base; Montreal 1 - Colorado 1
BOTTOM OF THE 4TH
Colorado Rockies batting - Pitching for Montreal Expos : LHP Omari Blunt
Batting: RHB Jim Rudden 0-0: Called Strike
0-1: Called Strike
0-2: Strikes out swinging
Batting: RHB Steve Stevens 0-0: Called Strike
0-1: SINGLE (Flyball, 3D, EV 99.4 MPH)
Batting: LHB Izaac Pacheco 0-0: Grounds into double play, 4-6-3 (Groundball, 4, EV 90.0 MPH)
Bottom of the 4th over - 0 runs, 1 hit, 0 errors, 0 left on base; Montreal 1 - Colorado 1
TOP OF THE 5TH
Montreal Expos batting - Pitching for Colorado Rockies : RHP Eric Brady
Batting: RHB Luis Ledesma 0-0: Called Strike
0-1: Swinging Strike
0-2: Ball
1-2: Ground out U3 (Groundball, 3, EV 82.5 MPH)
Batting: RHB Ben Pratt 0-0: Called Strike
0-1: Ball
1-1: Ball
2-1: Foul Ball, location: 9LSF
2-2: Foul Ball, location: 2F
2-2: Strikes out looking
Batting: RHB David Arzate 0-0: Ball
1-0: Ball
2-0: Foul Ball, location: 2F
2-1: Called Strike
2-2: Ball
3-2: Base on Balls
Batting: RHB Brad Hoye 0-0: Called Strike
0-1: Ball
1-1: Foul Ball, location: 23FF
1-2: Ball
David Arzate is caught stealing 2nd base 2-4
Top of the 5th over - 0 runs, 0 hits, 0 errors, 0 left on base; Montreal 1 - Colorado 1
BOTTOM OF THE 5TH
Colorado Rockies batting - Pitching for Montreal Expos : LHP Omari Blunt
Batting: RHB Jorge Ruiz 0-0: Foul Ball, location: 5FF
0-1: Foul Ball, location: 25FF
0-2: Ball
1-2: Strikes out swinging
Batting: RHB Edgar Mendoza 0-0: Swinging Strike
0-1: Called Strike
0-2: Strikes out swinging
Batting: RHB Royce Lewis 0-0: Called Strike
0-1: Foul Ball, location: 5DF
0-2: Ball
1-2: Foul Ball, location: 5F
1-2: Ball
2-2: Ball
3-2: Fly out, F9 (Flyball, 9LM, EV 102.5 MPH)
Bottom of the 5th over - 0 runs, 0 hits, 0 errors, 0 left on base; Montreal 1 - Colorado 1
TOP OF THE 6TH
Montreal Expos batting - Pitching for Colorado Rockies : RHP Eric Brady
Batting: RHB Brad Hoye 0-0: Foul Ball, location: 7LSF
0-1: Ball
1-1: Ball
2-1: Fly out, F8 (Flyball, 8LD, EV 90.0 MPH)
Batting: RHB Jonathan de Liz 0-0: Ball
1-0: Called Strike
1-1: Fly out, F3 (Popup, 3D, EV 53.8 MPH)
Batting: LHB Chris Lyle 0-0: Swinging Strike
0-1: Swinging Strike
0-2: Ball
1-2: Ball
2-2: Strikes out swinging
Top of the 6th over - 0 runs, 0 hits, 0 errors, 0 left on base; Montreal 1 - Colorado 1
BOTTOM OF THE 6TH
Colorado Rockies batting - Pitching for Montreal Expos : LHP Omari Blunt
Batting: LHB Steve Richardson 0-0: Called Strike
0-1: Fly out, F7 (Flyball, 78S, EV 90.6 MPH)
Batting: RHB Sean Lesley 0-0: Called Strike
0-1: Foul Ball, location: 2F
0-2: Ball
1-2: Ball
2-2: Strikes out swinging
Batting: LHB Danny Rojas 0-0: Ball
1-0: Fly out, F8 (Line Drive, 8RM, EV 83.1 MPH)
Bottom of the 6th over - 0 runs, 0 hits, 0 errors, 0 left on base; Montreal 1 - Colorado 1
TOP OF THE 7TH
Montreal Expos batting - Pitching for Colorado Rockies : RHP Eric Brady
Pitching: RHP Tae-kon Kim
Batting: LHB Tony Guerra 0-0: Ball
1-0: Swinging Strike
1-1: Called Strike
1-2: Foul Ball, location: 2LF
1-2: Strikes out looking
Batting: SHB Keibert Ruiz 0-0: Foul Ball, location: 2F
0-1: Foul Ball, location: 2F
0-2: SINGLE (Line Drive, 6MD, EV 110.0 MPH)
Batting: RHB Ivan Botero 0-0: SINGLE (Groundball, 4D, EV 97.5 MPH)
Keibert Ruiz to second
Pinch Hitting: LHB Christopher Guzman 0-0: Swinging Strike
0-1: Swinging Strike
0-2: Ball
1-2: Strikes out swinging
Batting: RHB Ben Pratt 0-0: Foul Ball, location: 23FF
0-1: Ground out 3-1 (Groundball, 34, EV 81.3 MPH)
Top of the 7th over - 0 runs, 2 hits, 0 errors, 2 left on base; Montreal 1 - Colorado 1
BOTTOM OF THE 7TH
Colorado Rockies batting - Pitching for Montreal Expos : LHP Omari Blunt
Now at 2B: David Arzate
Now at SS: Thomas Nuncio
Batting: RHB Jim Rudden 0-0: Ball
1-0: Called Strike
1-1: Swinging Strike
1-2: Ball
2-2: Strikes out swinging
Pitching: RHP Robert Dominguez
Batting: RHB Steve Stevens 0-0: Ball
1-0: Ball
2-0: Called Strike
2-1: Ball
3-1: Called Strike
3-2: Base on Balls
Batting: LHB Izaac Pacheco 0-0: Ball
1-0: Ball
2-0: Ball
3-0: Base on Balls
Steve Stevens to second
Batting: RHB Jorge Ruiz 0-0: Ball
1-0: Ball
2-0: Ball
3-0: Called Strike
3-1: Base on Balls
Steve Stevens to third
Izaac Pacheco to second
Batting: RHB Edgar Mendoza 0-0: Fly out, F7 (Flyball, 7, EV 88.1 MPH)
Runner from 3rd tags up, SCORES, throw by LF
Izaac Pacheco to third
Batting: RHB Royce Lewis 0-0: Fly out, F8 (Flyball, 8RS, EV 86.3 MPH)
Bottom of the 7th over - 1 run, 0 hits, 0 errors, 2 left on base; Montreal 1 - Colorado 2
TOP OF THE 8TH
Montreal Expos batting - Pitching for Colorado Rockies : RHP Tae-kon Kim
Batting: RHB David Arzate 0-0: Ball
1-0: Fly out, F6 (Line Drive, 56, EV 96.9 MPH)
Pinch Hitting: RHB Jeremy Morris 0-0: Called Strike
0-1: Called Strike
0-2: Foul Ball, location: 2F
0-2: Ball
1-2: Ball
2-2: Foul Ball, location: 9LDF
2-2: Ball
3-2: Ground out 6-3 (Groundball, 56, EV 106.3 MPH)
Batting: RHB Jonathan de Liz 0-0: Ball
1-0: Foul Ball, location: 9LSF
1-1: SINGLE (Popup, 4D, EV 51.3 MPH)
Pitching: RHP Bob Wolt
Batting: LHB Chris Lyle 0-0: Called Strike
0-1: Ball
1-1: Called Strike
1-2: Foul Ball, location: 2F
1-2: Foul Ball, location: 23FF
1-2: Foul Ball, location: 7LMF
1-2: Foul Ball, location: 2F
1-2: Foul Ball, location: 2LF
1-2: Strikes out swinging
Top of the 8th over - 0 runs, 1 hit, 0 errors, 1 left on base; Montreal 1 - Colorado 2
BOTTOM OF THE 8TH
Colorado Rockies batting - Pitching for Montreal Expos : RHP Robert Dominguez
Pitching: LHP Darius Osborne
Now in CF: Jeremy Morris
Batting: LHB Steve Richardson 0-0: Ball
1-0: Foul Ball, location: 7LDF
1-1: Fly out, F7 (Flyball, 7S, EV 97.5 MPH)
Batting: RHB Sean Lesley 0-0: Ball
1-0: Ball
2-0: Fly out, F9 (Line Drive, 9, EV 85.6 MPH)
Batting: LHB Danny Rojas 0-0: Called Strike
0-1: Foul Ball, location: 2F
0-2: Ball
1-2: Fly out, F3 (Popup, 34S, EV 73.1 MPH)
Bottom of the 8th over - 0 runs, 0 hits, 0 errors, 0 left on base; Montreal 1 - Colorado 2
TOP OF THE 9TH
Montreal Expos batting - Pitching for Colorado Rockies : RHP Bob Wolt
Now at 1B: Victor Perez
Batting: LHB Tony Guerra 0-0: SINGLE (Line Drive, 9S, EV 101.3 MPH)
Batting: SHB Keibert Ruiz 0-0: Called Strike
0-1: Ball
1-1: Grounds into double play, 3-6-3 (Groundball, 34S, EV 79.4 MPH)
Batting: RHB Ivan Botero 0-0: Called Strike
0-1: Called Strike
0-2: Ball
1-2: Strikes out swinging
Top of the 9th over - 0 runs, 1 hit, 0 errors, 0 left on base; Montreal 1 - Colorado 2
Thursday, April 4th , 2024 - OOTP Baseball 24.11 Build 85